 Dungeon Crawl Stone Soup version 0.23.2-33-g5129a83184 (webtiles) character file.

Game seed: 14528733913081944404

238 Folque the Digger (level 5, -4/41 HPs)
             Began as a Draconian Earth Elementalist on July 17, 2019.
             Killed from afar by Blork the orc (7 damage)
             ... with a puff of flame
             ... on level 3 of the Dungeon.
             The game lasted 00:11:16 (3742 turns).

Folque the Digger (Draconian Earth Elementalist)    Turns: 3742, Time: 00:11:16

Health: -4/41      AC:  5    Str: 11    XL:     5   Next: 78%
Magic:  0/10       EV: 12    Int: 16    God:
Gold:   217        SH:  0    Dex: 11    Spells: 0/11 levels left

rFire    . . .     SeeInvis .   j - +0 whip
rCold    . . .     Gourm    .   (no shield)
rNeg     . . .     Faith    .   (armour unavailable)
rPois    .         Spirit   .   (helmet restricted)
rElec    .         Reflect  .   (no cloak)
rCorr    .         Harm     .   (no gloves)
MR       .....                  (no boots)
Stlth    ++........             (no amulet)
HPRegen  0.13/turn              (no ring)
MPRegen  0.12/turn              (no ring)

@: very slightly contaminated, hasted, very quick
A: unfitting armour, cold-blooded, AC +5
a: no special abilities


You were on level 3 of the Dungeon.
You were near starving.

You visited 1 branch of the dungeon, and saw 4 of its levels.

You collected 217 gold pieces.

Inventory:

Hand Weapons
 j - a +0 whip (weapon)
 k - a +0 club
 q - a +0 dagger
 t - a +2 dagger of electrocution
 u - a +0 blowgun
Missiles
 b - 108 stones (quivered)
 n - a throwing net
 v - 17 poisoned needles
Jewellery
 f - an uncursed ring of fire {unknown}
 g - an uncursed amulet of guardian spirit {unknown}
 z - an uncursed amulet of regeneration {unknown}
Scrolls
 l - a scroll of amnesia {unknown}
 m - 5 scrolls of identify {unknown}
 o - a scroll of remove curse {unknown}
 s - a scroll of random uselessness {unknown}
 x - a scroll of fear {unknown}
 y - 2 scrolls of magic mapping {unknown}
Potions
 a - a potion of haste
 e - a potion of berserk rage {unknown}
 h - a potion of brilliance {unknown}
 i - a potion of lignification {unknown}
 p - a potion of degeneration {unknown}
 r - a potion of flight {unknown}
 w - a potion of mutation {unknown}
Comestibles
 c - 10 rations


   Skills:
 - Level 2.0 Fighting
 - Level 1.7 Dodging
 - Level 1.7 Stealth
 + Level 3.6 Spellcasting
 * Level 2.6 Conjurations
 - Level 1.0 Transmutations
 + Level 4.2 Earth Magic


You couldn't memorise any spells.
You knew the following spells:

 Your Spells              Type           Power        Failure   Level  Hunger
a - Sandblast             Erth           ###...       3%          1    None
b - Passwall              Tmut/Erth      ##......     9%          2    ##.....
c - Stone Arrow           Conj/Erth      ##....       13%         3    ###....
d - Lee's Rapid Deconstr  Erth           ###.......   65%         5    ######.

Your spell library contained the following spells:

 Spells                   Type           Power        Failure   Level  Hunger
 Petrify                  Tmut/Erth      ##......     52%         4    ####...


Dungeon Overview and Level Annotations

Branches:
Dungeon (4/15)
 Temple: D:4-7

Altars:
Ashenzari
Kikubaaqudgha
Nemelex Xobeh
Okawaru
Wu Jian
Xom
Yredelemnul

Annotations:
D:3 Blork the orc
D:4 Pikel


Innate Abilities, Weirdness & Mutations

Your plain brown scales are hard. (AC +5)
You cannot fit into any form of body armour.
You are cold-blooded and may be slowed by cold attacks.


Message History

Aiming: Sandblast (safe; 3% risk of failure)
Press: ? - help, Shift-Dir - straight line, f - Blork the orc
Aim: Blork the orc, wielding a +0 hand axe and wearing a +0 robe (heavily wounded, fast)
The blast of sand hits Blork the orc!
Blork the orc is severely wounded.
b - 108 stones Blork the orc hits you with a +0 hand axe.
* * * LOW HITPOINT WARNING * * *
It was a potion of haste.
You feel yourself speed up.
Blork the orc gestures wildly while chanting.
Blork the orc flickers and vanishes!
Deactivating autopickup; reactivate with Ctrl-A.
Something hits you but does no damage.
You hear some strange, mumbled words.
A puff of flame appears from out of thin air!
The puff of flame hits you!
* * * LOW HITPOINT WARNING * * *
A puff of flame appears from out of thin air!
The puff of flame hits you!
You die...

♣.####.######
...##.#>....###########
..#..##.###...........#
....###.# #.....#####.#
#.#..##.###.###.# #.#
...##.#.....# #.# #.#
#.####.##.### #(# #>#
#.# #.##.# #.#####.#
..# #.##.## #.@..##{#
..# #.#.#.######...#.##
.##
#..###.).........[## ##
#.#.#.######.......#
### #.##.#####
##..###.# ..#
#........# #..# #.#
#.####..#####.#
#..###.# ........#
#.####......# #.####..#
#.##.......####


There were no monsters in sight!

Vanquished Creatures
  A hound (D:4)
  An orc priest (D:3)
  An iguana (D:1)
  6 adders
  An ooze (D:1)
  5 leopard geckos
  7 orcs (D:3)
  7 bats
  2 giant cockroaches
  9 goblins
  9 hobgoblins
  11 jackals
  7 kobolds
  A quokka (D:3)
  2 ball pythons
  A frilled lizard (D:1)
  8 rats
79 creatures vanquished.

Notes
Turn   | Place    | Note
-------+----------+-------------------------------------------
     0 | D:1      | Folque the Draconian Earth Elementalist began the quest for
                  | the Orb.
     0 | D:1      | Reached XP level 1. HP: 14/14 MP: 3/3
   139 | D:1      | Reached skill level 1 in Fighting
   152 | D:1      | Reached XP level 2. HP: 17/23 MP: 5/5
   604 | D:1      | Reached XP level 3. HP: 26/29 MP: 6/6
  1119 | D:2      | Learned a level 2 spell: Passwall
  1125 | D:2      | Learned a level 3 spell: Stone Arrow
  1355 | D:2      | Found a sparkling altar of Nemelex Xobeh.
  1821 | D:1      | Reached XP level 4. HP: 24/36 MP: 0/8
  2111 | D:2      | Found a shattered altar of Ashenzari.
  2451 | D:3      | Reached skill level 1 in Conjurations
  2474 | D:3      | Found a shimmering altar of Xom.
  2533 | D:3      | Reached XP level 5. HP: 39/41 MP: 0/10
  2722 | D:3      | Reached skill level 4 in Earth Magic
  2937 | D:3      | Found a basalt altar of Yredelemnul.
  3003 | D:3      | Found a faded altar of an unknown god.
  3223 | D:3      | Learned a level 5 spell: Lee's Rapid Deconstruction
  3279 | D:3      | Found an iron altar of Okawaru.
  3279 | D:3      | Found an ornate altar of the Wu Jian Council.
  3279 | D:3      | Found an ancient bone altar of Kikubaaqudgha.
  3429 | D:4      | Noticed Blork the orc
  3522 | D:4      | Noticed a slave
  3522 | D:4      | Noticed a slave
  3522 | D:4      | Noticed a slave
  3523 | D:4      | Noticed Pikel
  3523 | D:4      | Noticed a slave
  3742 | D:3      | Killed from afar by Blork the orc

Skill      XL: |  1  2  3  4  5 |
---------------+----------------+-----
Fighting       | 1 2 |  2.0
Spellcasting   | 3 |  3.6
Conjurations   | 1 2 |  2.6
Earth Magic    | 4 |  4.2
Dodging        | |  1.7
Stealth        | |  1.7
Transmutations | |  1.0

Action                   |  1- 3 |  4- 6 || total
-------------------------+-------+-------++-------
Melee: Unarmed           |    41 |       ||    41
       Tailslap          |    11 |    17 ||    28
       Whip              |    79 |   125 ||   204
 Cast: Sandblast         |    24 |    20 ||    44
       Stone Arrow       |     4 |    16 ||    20
  Use: Potion            |     1 |     1 ||     2
 Stab: Sleeping          |     3 |     3 ||     6
  Eat: Chunk             |     3 |     7 ||    10
Armor: Skin              |    41 |    55 ||    96
Dodge: Dodged            |    98 |   116 ||   214
